 Dungeon Crawl Stone Soup version 0.18-a0-1343-g48c8f86 (webtiles) character file.

1278 Gorice the Slasher (level 8, -9/87 HPs)
             Began as a Demonspawn Abyssal Knight on Feb 16, 2016.
             Was an Elder of Lugonu.
             Mangled by an orc warrior
             ... wielding a +0 glaive
              (21 damage)
             ... on level 7 of the Dungeon.
             The game lasted 00:29:11 (6944 turns).

Gorice the Slasher (Demonspawn Abyssal Knight)      Turns: 6944, Time: 00:29:11

Health: -9/87      AC: 11    Str: 22      XL:     8   Next: 29%
Magic:  12/12      EV:  8    Int: 14      God:    Lugonu [****..]
Gold:   437        SH:  0    Dex: 13 (15) Spells: 0 memorised, 7 levels left

rFire  . . .     SeeInvis .     a - +2 falchion
rCold  + . .     Gourm    .     K - +0 chain mail {rC+}
rNeg   . . .     Faith    .     (no shield)
rPois  +         Spirit   .     e - +2 hat
rElec  .         Dismiss  .     (no cloak)
rCorr  .         Reflect  .     (no gloves)
SustAt .         Harm     .     (no boots)
MR     .....                    (no amulet)
Stlth  ..........               D - +3 ring of strength
                                Y - ring of poison resistance

@: berserking, very quick, not resistant to hostile enchantments, extremely
unstealthy
A: claws 2, thin skeletal structure 1, demonic guardian 1, rot immunity
a: Depart the Abyss, Bend Space, Banish, Corrupt, Renounce Religion


You were on level 7 of the Dungeon.
You worshipped Lugonu.
Lugonu was greatly pleased with you.
You were hungry.

You visited 2 branches of the dungeon, and saw 8 of its levels.
You visited the Abyss 1 time.

You collected 437 gold pieces.

Inventory:

Hand Weapons
 a - a +2 falchion (weapon)
 b - a +0 hunting sling
 g - a +1 dagger of flaming
   (You took it off a goblin on level 1 of the Dungeon)
Missiles
 s - 2 tomahawks
 w - 22 poisoned needles
 Z - 156 stones (quivered)
Armour
 e - a +2 hat (worn)
 r - a +1 leather armour
 u - a +0 plate armour
 v - a +0 helmet
 K - a +0 chain mail of cold resistance (worn)
   (You took it off an orc on level 6 of the Dungeon)
Magical Staves
 F - an uncursed staff of summoning {unknown}
Jewellery
 f - an uncursed ring of wizardry
 y - an uncursed ring of positive energy
 A - an uncursed ring of flight
 D - a +3 ring of strength (right claw)
 Y - a ring of poison resistance (left claw)
Wands
 i - a wand of disintegration (0/24)
 B - a wand of confusion (21/48)
 I - a wand of lightning (9/15)
Scrolls
 k - a scroll of amnesia
 p - 3 scrolls of remove curse
 G - a scroll of enchant armour
Potions
 d - 3 potions of haste {!q}
 h - a potion of berserk rage
 l - a potion of invisibility {!q}
 m - a potion of ambrosia {!q}
 n - a potion of curing
 o - 2 potions of agility {!q}
 t - a potion of resistance {!q}
 z - a potion of brilliance {!q}
 E - 2 potions of lignification {unknown}
 L - a potion of cure mutation {unknown}
Books
 H - the Guide on Cankerous Attacks
   (You found it on level 6 of the Dungeon)

   Spells                             Type                      Level
   a - Shock                          Conjuration/Air              1
   b - Sting                          Conjuration/Poison           1
   c - Ignite Poison                  Fire/Transmutation/Poison    3
   d - Poisonous Cloud                Conjuration/Poison/Air       6
   e - Delayed Fireball               Conjuration/Fire             7
Comestibles
 c - 6 bread rations {!e}
 j - 4 meat rations {!e}
 x - a beef jerky
 C - a royal jelly


   Skills:
 - Level 3.2 Fighting
 * Level 7.4 Long Blades
 + Level 4.1 Armour
 - Level 1.1 Dodging
 + Level 6.2 Invocations


You had 7 spell levels left.
You didn't know any spells.

Dungeon Overview and Level Annotations

Branches:
Dungeon (7/15)             Temple (1/1) D:4

Altars:
Cheibriados
Dithmenos
Elyvilon
Fedhas
Kikubaaqudgha
Makhleb
Nemelex Xobeh
Pakellas
Qazlal
Ru
Sif Muna
Trog
Vehumet
Xom
Yredelemnul
Zin
The Shining One

Shops:
D:6 *

Annotations:
D:4 vpUX: Yiuf's house, 1 exclusion
D:7 Dowan, Duvessa, Prince Ribbit


Innate Abilities, Weirdness & Mutations

You have very sharp fingernails.
You have a somewhat thin skeletal structure (Dex +2, Stealth).
A weak demonic guardian rushes to your aid.
You are immune to rotting.


Message History

The orc shouts!
You hear a croak.
The orc warrior barely misses you.
The quasit bites you but does no damage.
The quasit claws you but does no damage. x2
Your chain mail prevents you from hitting the quasit.
The quasit is lightly wounded.
The quasit barely misses you. The quasit closely misses you.
The quasit claws you but does no damage.
The orc warrior barely misses you.
You miss the quasit.
The quasit is lightly wounded.
The quasit bites you.
You feel clumsy. The quasit barely misses you.
The quasit completely misses you.
Damage: 1 (max 1)
You barely miss the quasit.
The quasit is lightly wounded.
You slash the quasit!
The quasit is severely wounded.
The orc warrior hits you from afar with a glaive!
The quasit bites you but does no damage.
The quasit claws you but does no damage. x2
Damage: 16 (max 16)
You barely miss the quasit.
The quasit is severely wounded.
The quasit bites you but does no damage.
The quasit claws you but does no damage. x2
You completely miss the quasit.
The quasit is severely wounded.
The orc warrior hits you from afar with a glaive!!
* * * LOW HITPOINT WARNING * * *
The quasit bites you.
* * * LOW HITPOINT WARNING * * *
The quasit barely misses you.
The quasit claws you but does no damage.
Damage: 21 (max 21)
You miss the quasit.
The quasit is severely wounded.
You barely miss the quasit.
The quasit is severely wounded.
The quasit bites you but does no damage.
The quasit claws you but does no damage. x2
The orc warrior completely misses you.
You hit the quasit but do no damage.
The quasit is severely wounded.
The quasit barely misses you. x3
You closely miss the quasit.
The quasit is severely wounded.
The orc warrior hits you from afar with a glaive!!
You die...

*,,*,,,,,,,,* *,*##5.### #o.....
,,,,,,,,,,,,* *,##..## #......
,,,,,,,,,,,,* *,#5.## ##oo#..
,,,,,,,,,,,,** #...## ###..#..
,,,,,,,,,,,,,**#.##******#..o.#*.
,,,,,,,,,,,,###o.+,,,*,*,#....###
,,,,,,,,,,**#oo##***+*+*+#....e##
,,,,,,,,,**#.o#5##,+,,,+,#......#
,,,,,,,***#..###@#**,,,**#.......
,,,,,****#..#**###,+,,,+∩#.......
,*******#...,,,* ***+*+*+#.......
** *##.o......#* *,+,*,*,###..###
****..........* ********* #..#
**,,....o.....* **##** #..#
,,,,.........#* *,...####.o#
*,,,.........# *,......#..#
*,,,.........# **.....o...# *


You could see an orc warrior, a quasit and an orc.

Vanquished Creatures
  2 hippogriffs
  2 orc warriors (D:6)
  A centaur (D:6)
  A giant frog (D:5)
  4 crimson imps (D:4)
  A giant frog skeleton (D:5)
  2 jellies
  An iguana (D:4)
  Ijyb (D:3)
  A hound skeleton (D:4)
  A worker ant zombie (D:5)
  Robin (D:4)
  5 gnolls
  4 adders
  An ooze (D:1)
  An adder zombie (D:5)
  2 adder skeletons (D:4)
  A worm (D:3)
  6 giant geckos
  5 orcs
  A ball python (D:2)
  11 giant cockroaches
  19 goblins
  12 hobgoblins
  7 jackals
  11 kobolds
  3 quokkas
  4 bats
  A giant gecko skeleton (D:4)
  3 giant newts
  A jackal zombie (D:5)
  29 rats
145 creatures vanquished.

Vanquished Creatures (collateral kills)
  An ogre (D:6)
  A centaur (D:6)
  A giant frog (D:6)
  A centaur skeleton (D:5)
  2 orc wizards (D:6)
  A gnoll (D:5)
  An adder (D:3)
  4 orcs
12 creatures vanquished.

Grand Total: 157 creatures vanquished

Notes
Turn   | Place    | Note
--------------------------------------------------------------
     0 | Abyss:1  | Gorice the Demonspawn Abyssal Knight began the quest for the Orb.
     0 | Abyss:1  | Reached XP level 1. HP: 18/18 MP: 2/2
     2 | Abyss:1  | Found a corrupted altar of Lugonu.
    30 | D:1      | Escaped the Abyss
    44 | D:1      | Reached skill level 1 in Dodging
   136 | D:1      | Gained mutation: A weak demonic guardian rushes to your aid. [demonic ancestry]
   136 | D:1      | Reached XP level 2. HP: 21/24 MP: 3/3
   208 | D:1      | Reached skill level 2 in Long Blades
   520 | D:1      | Reached ** piety under Lugonu
   580 | D:1      | Gained mutation: You have a somewhat thin skeletal structure (Dex +2, Stealth). [demonic ancestry]
   580 | D:1      | Reached XP level 3. HP: 18/29 MP: 4/4
  1054 | D:1      | Reached skill level 3 in Long Blades
  1408 | D:2      | Reached *** piety under Lugonu
  1510 | D:2      | Gained mutation: You have sharp fingernails. [demonic ancestry]
  1510 | D:2      | Reached XP level 4. HP: 35/35 MP: 5/5
  1624 | D:2      | Found a radiant altar of Vehumet.
  1926 | D:3      | Reached skill level 4 in Long Blades
  2441 | D:2      | Found an oddly glowing altar of Pakellas.
  2441 | D:2      | Found a glowing silver altar of Zin.
  2909 | D:3      | Noticed Ijyb
  2918 | D:3      | Killed Ijyb
  2918 | D:3      | Reached XP level 5. HP: 39/41 MP: 6/6
  3076 | D:3      | Reached **** piety under Lugonu
  3523 | D:4      | Reached skill level 5 in Long Blades
  3623 | D:4      | Reached skill level 3 in Invocations
  3847 | D:4      | Noticed Robin
  3865 | D:4      | Killed Robin
  3872 | D:4      | Reached skill level 2 in Armour
  3943 | D:4      | Found a shimmering altar of Xom.
  3965 | D:4      | Gained mutation: You are immune to rotting. [demonic ancestry]
  3965 | D:4      | Reached XP level 6. HP: 43/47 MP: 8/8
  4281 | D:4      | Found a staircase to the Ecumenical Temple.
  4287 | Temple   | Entered the Ecumenical Temple
  4697 | D:5      | Entered Level 5 of the Dungeon
  4705 | D:5      | Reached skill level 4 in Invocations
  4782 | D:5      | Reached skill level 6 in Long Blades
  4782 | D:5      | Reached XP level 7. HP: 44/52 MP: 10/10
  4820 | D:5      | Noticed a hippogriff
  4833 | D:5      | Killed a hippogriff
  4833 | D:5      | Reached skill level 3 in Armour
  5641 | D:6      | Reached skill level 5 in Invocations
  5819 | D:6      | Identified the Guide on Cankerous Attacks
  6026 | D:6      | Found Dianisish's General Store.
  6145 | D:6      | Found a sparkling altar of Nemelex Xobeh.
  6177 | D:6      | Noticed a hippogriff
  6188 | D:6      | Killed a hippogriff
  6188 | D:6      | Reached skill level 7 in Long Blades
  6188 | D:6      | Gained mutation: You have very sharp fingernails. [demonic ancestry]
  6188 | D:6      | Reached XP level 8. HP: 41/58 MP: 12/12
  6515 | D:7      | Noticed Prince Ribbit
  6577 | D:7      | Noticed Duvessa
  6578 | D:7      | Noticed Dowan
  6631 | D:6      | Reached skill level 4 in Armour
  6631 | D:6      | Reached skill level 6 in Invocations
  6910 | D:7      | HP: 13/58 [Prince Ribbit (12)]
  6911 | D:7      | HP: 4/58 [Prince Ribbit (9)]
  6940 | D:7      | HP: 13/87 [orc warrior/glaive (19)]
  6944 | D:7      | Mangled by an orc warrior

Vault maps used:
D:1:      dpeg_arrival_prison
D:2:      vehumet_crystals, nicolae_overflow_hidden_temple, minmay_rat_hole
D:3:      kennysheep_goblin_castle, first_bread, kennysheep_generic_room_15
D:4:      led_xom_imps, minmay_temple_entry_fiery, uniq_crazy_yiuf_cottage,
          uniq_robin
D:5:      minmay_holes, serial_bayou_crossing
D:6:      lemuel_round_altar, serial_shops, shop_statue
D:7:      nicolae_ossuary_entry_catacombs, uniq_duvessa, uniq_prince_ribbit1
Temple:   triangle_lava_temple_12

Action                   |  1- 3 |  4- 6 |  7- 9 || total
-------------------------+-------+-------+-------++-------
Melee: Falchion          |   157 |   251 |   114 ||   522
 Fire: Hunting sling     |       |    53 |    18 ||    71
Throw: Stone             |       |    10 |       ||    10
Invok: Banish            |       |       |     2 ||     2
       Bend Space        |       |       |     1 ||     1
Evoke: Wand              |       |     1 |     4 ||     5
  Use: Scroll            |     4 |     9 |     5 ||    18
       Potion            |       |       |     4 ||     4
 Stab: Sleeping          |     3 |     1 |       ||     4
       Distracted        |     1 |       |     1 ||     2
  Eat: Chunk             |     2 |    10 |     8 ||    20

Table legend:
 A = Turns spent in this place as a percentage of turns spent in the entire game.
 B = Non-inter-level travel turns spent in this place as a percentage of non-inter-level travel turns spent in the entire game.
 C = Inter-level travel turns spent in this place as a percentage of turns spent in this place.
 D = Turns resting spent in this place as a percentage of non-inter-level travel turns spent in this place.
 E = Turns spent auto-exploring this place as a percentage of non-inter-level travel turns spent in this place.
 F = Non-inter-level travel turns spent in this place divided by the number of levels of this place that you've seen.
                   A       B       C       D       E      F
               +-------+-------+-------+-------+-------+----------------------
         Total | 100.0 | 100.0 |   0.4 |   1.4 |   4.6 | 296.0
       Dungeon |  98.7 |  98.7 |   0.3 |   1.4 |   4.4 | 375.7
        Temple |   0.4 |   0.4 |   9.1 |   0.0 |  80.0 |  10.0
         Abyss |   0.9 |   0.9 |   0.0 |   0.0 |   0.0 |  24.0
               +-------+-------+-------+-------+-------+----------------------

Vault maps used:
D:1:      dpeg_arrival_prison
D:2:      vehumet_crystals, nicolae_overflow_hidden_temple, minmay_rat_hole
D:3:      kennysheep_goblin_castle, first_bread, kennysheep_generic_room_15
D:4:      led_xom_imps, minmay_temple_entry_fiery, uniq_crazy_yiuf_cottage,
          uniq_robin
D:5:      minmay_holes, serial_bayou_crossing
D:6:      lemuel_round_altar, serial_shops, shop_statue
D:7:      nicolae_ossuary_entry_catacombs, uniq_duvessa, uniq_prince_ribbit1
Temple:   triangle_lava_temple_12
